 Seeded DCSS version 0.30-a0-964-gd452b5e7fa (webtiles) character file.

Game seed: 7547814903460644772 (custom seed)

6 Brigand the Chopper (level 1, -2/13 (18) HPs)
             Began as a Hill Orc Reaver on Mar 30, 2023.
             Slain by a kobold
             ... wielding a +4 dagger
              (6 damage)
             ... on level 1 of the Dungeon.
             The game lasted 00:00:36 (158 turns).

Brigand the Chopper (Hill Orc Reaver)                Turns: 158, Time: 00:00:37

HP:   -2/13 (18)    AC:  3    Str: 14    XL:     1   Next: 90%
MP:   3/3           EV: 11    Int: 13    God:
Gold: 15            SH:  0    Dex:  9    Spells: 2/3 levels left

rFire   . . .      SeeInvis .    a - +0 hand axe
rCold   . . .      Faith    .    (no shield)
rNeg    . . .      Spirit   .    b - +0 leather armour
rPois   .          Reflect  .    (no helmet)
rElec   .          Rampage  .    (no cloak)
rCorr   .                        (no gloves)
Will    .....                    (no boots)
Stlth   +                        (no amulet)
HPRegen 0.22/turn                (no ring)
MPRegen 0.08/turn                (no ring)

@: very heavily drained
A: no striking features
a: no special abilities


You were on level 1 of the Dungeon.
You visited 1 branch of the dungeon, and saw 1 of its levels.

You collected 15 gold pieces.

Inventory:

Hand Weapons
 a - a +0 hand axe (weapon)
Armour
 b - a +0 leather armour (worn)


   Skills:
 + Level 2.5 Fighting
 + Level 4.1 Axes
 - Level 1.5 Dodging
 + Level 1.6 Spellcasting
 + Level 3.0 Conjurations
 + Level 0.3 Necromancy


You had 2 spell levels left.
You knew the following spells:

 Your Spells              Type           Power      Damage    Failure   Level
a - Kiss of Death         Conj/Necr      20%        2d7       17%         1

Your spell library contained the following spells:

 Spells                   Type           Power      Damage    Failure   Level
 Momentum Strike          Conj/Tloc      10%        3d8       26%         2
 Hailstorm                Conj/Ice       5%         3d4       47%         3


Dungeon Overview and Level Annotations

Branches:
Dungeon (1/15) Zot: 5839

Altars:


Message History

Press: ? - help, Q - select action Shift-Dir - straight line, f - you
Okay, then.
The rat barely misses you.
You see here a bat corpse.
You barely miss the rat. The rat misses you.
You closely miss the rat. The rat barely misses you. x2
Aiming: Kiss of Death (safe; 17% risk of failure)
Press: ? - help, Q - select action Shift-Dir - straight line, f - rat
Aim: a rat (100% to hit)
The negative energy hits the rat!
The rat is drained!
You kill the rat!
You feel drained.
Unknown command.
No target in view!
You start resting.
Magic restored.
Found a spear.
A hobgoblin comes into view.
Found a purple potion.
The hobgoblin shouts!
A kobold comes into view. It is wielding a +4 dagger.
The kobold shouts!
You see here 2 fuming puce potions.
A frilled lizard comes into view.
There are no items here.
The hobgoblin closely misses you. The kobold hits you with a +4 dagger.
The frilled lizard hisses angrily.
You hit the hobgoblin.
The hobgoblin is heavily wounded.
You hit the kobold but do no damage. The kobold completely misses you.
The hobgoblin hits you.
You closely miss the hobgoblin.
The hobgoblin is heavily wounded.
You barely miss the kobold. The kobold hits you with a +4 dagger.
The hobgoblin hits you.
* * * LOW HITPOINT WARNING * * *
You closely miss the hobgoblin.
The hobgoblin is heavily wounded.
You barely miss the kobold. The kobold hits you with a +4 dagger.
You die...

############
#..........#
#........!.#
#..........#
#).........#
#..........# #.......#
#....g.....# #.......#
#...@Kl....# #.......#
#..!#######. #....r..#
#...# ......# #...#
....#####...####
.#####.#...††......#
......>...........?....
######.#........$..####
#.#...#########


You could see a hobgoblin, a kobold and a frilled lizard.

Vanquished Creatures
  2 bats (D:1)
  An endoplasm (D:1)
  A hobgoblin (D:1)
  A rat (D:1)
5 creatures vanquished.

Notes
Turn   | Place    | Note
-------+----------+-------------------------------------------
     0 | D:1      | Brigand the Hill Orc Reaver began the quest for the Orb.
     0 | D:1      | Reached XP level 1. HP: 18/18 MP: 3/3
   158 | D:1      | Slain by a kobold

Illustrated notes

Levels and vault maps discovered:
D:1:      lordsloth_arrival_two_stooges, layout_basic,
          chequers_ecumenical_altar_simple

Action                     || total
---------------------------++-------
  Melee: Hand axe          ||    13
   Cast: Kiss of Death     ||     2
    Use: Scroll            ||     1
 Armour: Leather armour    ||     3
  Dodge: Dodged            ||    12

Table legend: (Time is in decaauts)
 A = Elapsed time spent in this place.
 B = Non-inter-level travel time spent in this place.
 C = Inter-level travel time spent in this place.
 D = Time resting spent in this place.
 E = Time spent auto-exploring this place.
 F = Levels seen in this place.
 G = Mean time per level.
                   A        B        C        D        E       F      G
               +--------+--------+--------+--------+--------+-----+--------+
         Total |    159 |    159 |      0 |     16 |     27 |   1 |  159.0 |
       Dungeon |    159 |    159 |      0 |     16 |     27 |   1 |  159.0 |
               +--------+--------+--------+--------+--------+-----+--------+

Top non-repeatable levels by time:
     D:1: 159 daAuts
